 Dungeon Crawl Stone Soup version 0.21-a0-352-g5b8f553 (webtiles) character file.

157 Dfrag the Firebug (level 5, 3/35 HPs)
             Began as a Demonspawn Fire Elementalist on Oct 11, 2017.
             Quit the game on level 3 of the Dungeon.
             The game lasted 00:02:52 (1658 turns).

Dfrag the Firebug (Demonspawn Fire Elementalist)    Turns: 1658, Time: 00:02:53

Health: 3/35       AC:  4    Str:  8    XL:     5   Next: 15%
Magic:  3/9        EV: 12    Int: 17    God:
Gold:   142        SH:  0    Dex: 14    Spells: 2/10 levels left

rFire    . . .     SeeInvis .   g - +1 whip (venom)
rCold    . . .     Gourm    .   (no shield)
rNeg     . . .     Faith    .   a - +0 robe
rPois    .         Spirit   .   (no helmet)
rElec    .         Reflect  .   (no cloak)
rCorr    .         Harm     .   (no gloves)
MR       .....                  (no boots)
Stlth    ++........             (no amulet)
HPRegen  0.11/turn              (no ring)
MPRegen  0.11/turn              (no ring)

@: lethally poisoned (3 -> -6), very slightly contaminated
A: claws 2, iridescent scales 1, demonic guardian 1
a: no special abilities


You were on level 3 of the Dungeon.
You were not hungry.

You visited 1 branch of the dungeon, and saw 3 of its levels.

You collected 142 gold pieces.

Inventory:

Hand Weapons
 g - a +1 whip of venom (weapon)
Armour
 a - a +0 robe (worn)
Scrolls
 d - 3 scrolls of identify {unknown}
 i - a scroll of immolation {unknown}
 j - 2 scrolls of noise {unknown}
 k - 2 scrolls of enchant armour {unknown}
Potions
 e - a potion of ambrosia {unknown}
 f - 2 potions of haste {unknown}
 h - 3 potions of mutation {unknown}
 m - a potion of brilliance {unknown}
Books
 b - a book of Flames

   Spells                             Type                      Level
   a - Flame Tongue                   Conjuration/Fire             1
   b - Throw Flame                    Conjuration/Fire             2
   c - Conjure Flame                  Conjuration/Fire             3
   d - Inner Flame                    Hexes/Fire                   3
   e - Sticky Flame                   Conjuration/Fire             4
   f - Fireball                       Conjuration/Fire             5
Comestibles
 c - a bread ration
 l - a royal jelly
 n - 4 chunks of flesh


   Skills:
 - Level 1.7 Dodging
 - Level 1.7 Stealth
 + Level 3.2 Spellcasting
 + Level 2.9 Conjurations
 + Level 3.8 Fire Magic


You had 2 spell levels left.
You knew the following spells:

 Your Spells              Type           Power        Failure   Level  Hunger
a - Flame Tongue          Conj/Fire      ##...        4%          1    None
b - Conjure Flame         Conj/Fire      ##......     13%         3    ###....
c - Sticky Flame          Conj/Fire      ##......     38%         4    ####...


Dungeon Overview and Level Annotations

Branches:
Dungeon (3/15)

Altars:
Wu Jian

Annotations:
D:3 Natasha


Innate Abilities, Weirdness & Mutations

You have very sharp fingernails.
You are partially covered in iridescent scales. (AC +2)
A weak demonic guardian rushes to your aid.


Message History

* * * LOW HITPOINT WARNING * * *
You are poisoned.
The worker ant poisons you!
* * * LOW HITPOINT WARNING * * *
You feel sick. Natasha claws your shadow imp.
Your shadow imp dies!
* * * LOW HITPOINT WARNING * * *
You feel sick.
Your shadow imp closely misses Natasha.
The adder bites you.
* * * LOW HITPOINT WARNING * * *
You are more poisoned.
The adder poisons you!
A hobgoblin comes into view.
Unknown command.
You miss the adder.
* * * LOW HITPOINT WARNING * * *
You feel sick.
Your shadow imp hits Natasha but does no damage.
The worker ant closely misses you. The adder closely misses you.
Unknown command.
Are you sure you want to abandon this character and quit the game? (Confirm with "yes".)

......##. .........#... ##.
............. #. #.#.#######..
#..#.........# ##..
..#.....$...###............###..#
.........##.....................#
..........#......................
...............a.................
.......$...g5.hS@<..........# #..
........$...##.##.#.........# #.<
....!.....##...##.#(........# #..
....).....##.####.#.#..####.# #..
.........###.# #.#.#..# #.# #<.
.........# #># #.#.#..####.# #.#
.......#.###.# #.#.#.)...#.###.#
.........h...# #.#...###.#.##...
.......#.##..# #...### #........


You could see a worker ant, Natasha, an adder, a hobgoblin and a friendly shadow
imp.

Vanquished Creatures
  Natasha (twice) (D:3)
  4 adders
  An ooze (D:1)
  3 worms
  2 dart slugs
  2 leopard geckos
  A ball python (D:1)
  9 bats
  3 giant cockroaches
  6 goblins
  6 hobgoblins
  5 kobolds
  2 quokkas
  2 frilled lizards
  6 rats
54 creatures vanquished.

Notes
Turn   | Place    | Note
-------+----------+-------------------------------------------
     0 | D:1      | Dfrag the Demonspawn Fire Elementalist began the quest for the Orb.
     0 | D:1      | Reached XP level 1. HP: 13/13 MP: 3/3
   140 | D:1      | Gained mutation: You have sharp fingernails. [demonic ancestry]
   140 | D:1      | Reached XP level 2. HP: 5/19 MP: 1/5
   528 | D:1      | Gained mutation: You have very sharp fingernails. [demonic ancestry]
   528 | D:1      | Reached XP level 3. HP: 24/24 MP: 4/6
  1200 | D:2      | Found an ornate altar of the Wu Jian Council.
  1275 | D:2      | Gained mutation: You are partially covered in iridescent scales. (AC +2) [demonic ancestry]
  1275 | D:2      | Reached XP level 4. HP: 29/30 MP: 2/8
  1536 | D:3      | Noticed Natasha
  1543 | D:3      | Killed Natasha
  1554 | D:3      | Learned a level 3 spell: Conjure Flame
  1559 | D:3      | Learned a level 4 spell: Sticky Flame
  1591 | D:3      | Noticed Natasha
  1614 | D:3      | Killed Natasha
  1614 | D:3      | Gained mutation: A weak demonic guardian rushes to your aid. [demonic ancestry]
  1614 | D:3      | Reached XP level 5. HP: 13/35 MP: 4/9
  1646 | D:3      | Noticed Natasha
  1658 | D:3      | Quit the game

Vault maps used:
D:1:      scummos_arrival_forest
D:2:      marbit_many_paths
D:3:      uniq_grinder, uniq_ijyb, uniq_natasha

Skill      XL: |  1  2  3  4 |
---------------+-------------+-----
Fire Magic     | 3 |  3.8
Conjurations   | 2 |  2.9
Spellcasting   | 3 |  3.2
Dodging        | |  1.7
Stealth        | |  1.7

Action                   |  1- 3 |  4- 6 || total
-------------------------+-------+-------++-------
Melee: Unarmed           |    55 |       ||    55
       Whip              |     8 |    49 ||    57
 Cast: Flame Tongue      |    57 |    20 ||    77
 Stab: Sleeping          |     1 |     1 ||     2
  Eat: Chunk             |     1 |     2 ||     3
Armor: Robe              |    21 |    11 ||    32
Dodge: Dodged            |    81 |    37 ||   118

Table legend:
 A = Spawn XP
 B = Non-spawn XP
 C = Spawn XP percentage of total XP
 D = Spawn monster count
 E = Non-spawn monster count
 F = Spawn count percentage of total count
 G = Total turns spent on level
                    A         B        C        D         E        F      G
               +---------+---------+-------+---------+---------+-------+---------
         Total |       0 |     225 |   0.0 |       0 |      54 |   0.0 |  1658
               +---------+---------+-------+---------+---------+-------+---------
           D:1 |       0 |      47 |   0.0 |       0 |      24 |   0.0 |  1095
           D:2 |       0 |      68 |   0.0 |       0 |      16 |   0.0 |   394
           D:3 |       0 |     110 |   0.0 |       0 |      14 |   0.0 |   169
               +---------+---------+-------+---------+---------+-------+---------
